 Dungeon Crawl Stone Soup version 0.31-a0-978-g1e14348 (webtiles) character file.

Game seed: 10786696741016164234

552086 Scaretemple the Worldbinder (level 26, -26/230 HPs)
             Began as an Octopode Summoner on Oct 21, 2023.
             Was the Champion of Jiyva.
             Killed from afar by a quicksilver dragon (34 damage)
             ... with a bolt of dispelling energy
             ... on level 2 of the Realm of Zot on Oct 30, 2023.
             The game lasted 12:49:50 (68861 turns).

Scaretemple the Worldbinder (Octopode Summoner)    Turns: 68861, Time: 12:49:51

Health: -26/230    AC:  3    Str:  5    XL:     26   Next: 35%
Magic:  33/65      EV: 35    Int: 51    God:    Jiyva [******]
Gold:   2439       SH: 15    Dex: 20    Spells: 14/65 levels left

rFire   + + .        T - staff "Toowy" {rN+ Int+5 Necro}
rCold   + + +        x - +3 buckler {rF+}
rNeg    + . .        w - +2 hat
rPois   +            E - amulet of Attitude {Reflect +Inv rC+++ Will++ Str-4 SH+5}
rElec   +            o - +5 ring of evasion
rCorr   +            g - ring "Vaff" {rC+ Int+4}
SInv    +            W - +5 ring of evasion
Will    +++++        L - ring of Offausud {*Corrode Fly Will+++ MP+9 SInv}
Stlth   ++++++++     u - ring of magical power
HPRegen 2.18/turn    F - +6 ring of intelligence
MPRegen 0.89/turn    M - ring of Wacossot {rElec rPois Dex+3 Slay+3}
                     Q - ring "Diathy" {rElec rF+ Int+3 Dex+2}

%: corrode self (3%), reflection
@: flying, hasted (expiring), studying Stealth, very quick
A: almost no armour, amphibious, 8 rings, camouflage 1, gelatinous body 1,
(nimble swimmer 1), tentacles, tentacle spike 1, agile 1, clever 2,
strong-willed 1, sense surroundings 2, robust 3, strong 1, eyeballs 2,
pseudopods 3, tendrils, jelly sensing items
}: 3/15 runes: decaying, serpentine, slimy
a: Renounce Religion, Evoke Invisibility, Oozemancy, Slimify


You were on level 2 of the Realm of Zot.
You worshipped Jiyva.
Jiyva was exalted by your worship.
You visited 14 branches of the dungeon, and saw 55 of its levels.
You visited Pandemonium 1 time, and saw 1 of its levels.
You visited the Abyss 3 times.
You also visited: Ossuary, Gauntlet, Ice Cave, Volcano and Wizlab.

You collected 4455 gold pieces.
You spent 2016 gold pieces at shops.

Inventory:

Armour
 w - a +2 hat (worn)
 x - a +3 buckler of fire resistance (worn)
 C - an orb of energy
Magical Staves
 T - the staff "Toowy" (weapon) {rN+ Int+5 Necro}
   (You found it on level 5 of the Pits of Slime)

   [staff of death]

   Base accuracy: +5 Base damage: 5 Base attack delay: 1.2 This weapon's minimum
   attack delay (0.6) is reached at skill level 12.
   Int+5:     It affects your intelligence (+5).
   rN+:       It protects you from negative energy.
   Necro:     It increases the power of your Necromancy spells.
   It falls into the 'Staves' category.
   It is a one-tentacled weapon.
Jewellery
 g - the ring "Vaff" (right tentacle) {rC+ Int+4}
   (You took it off an ironbound preserver on level 2 of the Vaults)

   [ring of protection from cold]

   Int+4:     It affects your intelligence (+4).
   rC+:       It protects you from cold.
 k - a ring of willpower
 l - a ring of wizardry
 n - a +6 ring of strength
 o - a +5 ring of evasion (left tentacle)
 u - a ring of magical power (on tentacle)
 y - an amulet of magic regeneration
 E - the amulet of Attitude (around mantle) {Reflect +Inv rC+++ Will++ Str-4 SH+5}
   (You took it off a salamander on level 2 of the Snake Pit)

   [amulet of reflection]

   Reflect:   It reflects blocked missile attacks.
   Str-4:     It affects your strength (-4).
   rC+++:     It renders you almost immune to cold.
   Will++:    It greatly increases your willpower.
   +Inv:      It lets you turn invisible.
   SH+5:      It affects your SH (+5).
 F - a +6 ring of intelligence (on tentacle)
 G - the ring of Sipuohi {Ice Dex+3}
   (You took it off Josephina on level 2 of the Crypt)

   [ring of ice]

   Ice:       It enhances your ice magic.
   Dex+3:     It affects your dexterity (+3).
   rF-:       It makes you vulnerable to fire.
   rC+:       It protects you from cold.
 H - the macabre finger necklace {Finger+ rN+}
   (You found it on level 3 of the Crypt)

   [amulet of nothing]

   Finger+:   It enables you to equip an extra ring.
   rN+:       It protects you from negative energy.
 L - the ring of Offausud (on tentacle) {*Corrode Fly Will+++ MP+9 SInv}
   (You found it on level 3 of the Depths)

   [ring of magical power]

   Will+++:   It greatly increases your willpower.
   MP+9:      It affects your magic capacity (+9).
   SInv:      It lets you see invisible.
   Fly:       It grants you flight.
   *Corrode:  It may corrode you when you take damage.
 M - the ring of Wacossot (on tentacle) {rElec rPois Dex+3 Slay+3}
   (You took it off a deep elf annihilator on level 3 of the Elven Halls)

   [ring of poison resistance]

   Dex+3:     It affects your dexterity (+3).
   Slay+3:    It affects your accuracy & damage with ranged weapons and melee
   (+3).
   rElec:     It insulates you from electricity.
   rPois:     It protects you from poison
 N - the ring "Zankiodghyo" {Fly rElec rF- rC+ Slay+4}
   (You found it in a Gauntlet)

   [ring of slaying]

   Slay+4:    It affects your accuracy & damage with ranged weapons and melee
   (+4).
   rF-:       It makes you vulnerable to fire.
   rC+:       It protects you from cold.
   rElec:     It insulates you from electricity.
   Fly:       It grants you flight.
 O - a +4 ring of protection
 Q - the ring "Diathy" (on tentacle) {rElec rF+ Int+3 Dex+2}
   (You found it in a Gauntlet)

   [ring of protection from fire]

   Int+3:     It affects your intelligence (+3).
   Dex+2:     It affects your dexterity (+2).
   rF+:       It protects you from fire.
   rElec:     It insulates you from electricity.
 R - the amulet of Xishuiza {Faith rPois Will+ Regen+ Str+4}
   (You took it off a tengu warrior on level 1 of the Depths)

   [amulet of faith]

   Faith:     It allows you to gain divine favour quickly.
   Str+4:     It affects your strength (+4).
   rPois:     It protects you from poison Will+: It increases your willpower.
   Regen+:    It increases your rate of health regeneration.
 U - the dreamshard necklace {Acrobat *Dream}
   (You found it on level 5 of the Pits of Slime)

   [amulet of the acrobat]

   *Dream:    It absorbs a single lethal wound into itself, holding its wearer
   just short of death and releasing dream-creatures to guard them.
   Acrobat:   It increases your evasion while moving and waiting.
 V - the ring of the Cuttlefish {rElec rC+ Str-4 Int+2 SInv}
   (You took it off a deep elf high priest on level 3 of the Elven Halls)

   [ring of see invisible]

   Str-4:     It affects your strength (-4).
   Int+2:     It affects your intelligence (+2).
   rC+:       It protects you from cold.
   rElec:     It insulates you from electricity.
   SInv:      It lets you see invisible.
 W - a +5 ring of evasion (on tentacle)
 X - a ring of magical power
Talismans
 D - a storm talisman
Wands
 S - a wand of digging (2)
Scrolls
 c - 17 scrolls of identify
 d - 2 scrolls of amnesia
 e - 2 scrolls of fog
 f - 4 scrolls of vulnerability
 h - 2 scrolls of torment
 i - a scroll of enchant armour
 m - a scroll of silence
 r - 7 scrolls of teleportation
 s - a scroll of acquirement
 A - 2 scrolls of revelation
 B - 4 scrolls of poison
 I - a scroll of blinking
 K - 7 scrolls of fear
Potions
 a - 2 potions of magic
 b - 10 potions of curing
 j - 7 potions of mutation
 p - 5 potions of ambrosia
 q - 3 potions of resistance
 t - 4 potions of berserk rage
 v - 4 potions of might
 z - a potion of invisibility
 J - 4 potions of haste
 P - a potion of attraction
 Y - 3 potions of brilliance


   Skills:
 + Level 13.8 Fighting
 - Level 17.2 Dodging
 - Level 19.0 Stealth
 - Level 7.7 Shields
 - Level 20.0 Spellcasting
 - Level 22.0 Summonings
 - Level 22.0 Necromancy
 - Level 14.0 Translocations


You had 14 spell levels left.
You knew the following spells:

 Your Spells              Type           Power      Damage    Failure   Level
a - Death Channel         Necr           80%        N/A       0%          6
b - Dispersal             Tloc           57%        N/A       1%          6
c - Summon Hydra          Summ           67%        N/A       1%          7
d - Summon Cactus Giant   Summ           67%        N/A       0%          6
e - Borgnjor's Vile Clut  Necr/Erth      64%        N/A       1%          5
f - Blink                 Tloc           100%       N/A       0%          2
g - Haunt                 Necr/Summ      80%        N/A       1%          7
h - Dispel Undead         Necr           100%       3d31      0%          4
i - Apportation           Tloc           100%       N/A       0%          1
j - Malign Gateway        Summ/Tloc      62%        N/A       1%          7

Your spell library contained the following spells:

 Spells                   Type           Power      Damage    Failure   Level
 Kiss of Death            Conj/Necr      100%       2d13      0%          1
 Necrotise                Necr           100%       1d9       0%          1
 Summon Small Mammal      Summ           100%       N/A       0%          1
 Call Imp                 Summ           100%       N/A       0%          2
 Call Canine Familiar     Summ           100%       N/A       0%          3
 Gell's Gravitas          Tloc           100%       N/A       0%          3
 Summon Guardian Golem    Hex/Summ       100%       N/A       0%          3
 Teleport Other           Tloc           100%       N/A       0%          3
 Vampiric Draining        Necr           100%       2d13      0%          3
 Manifold Assault         Tloc           100%       N/A       0%          4
 Passage of Golubria      Tloc           100%       N/A       0%          4
 Agony                    Necr           100%       N/A       0%          5
 Summon Forest            Summ/Tloc      62%        N/A       0%          5
 Magic Dart               Conj           100%       1d8       1%          1
 Slow                     Hex            100%       N/A       1%          1
 Cigotuvi's Dreadful Rot  Necr/Pois/Air  100%       N/A       1%          2
 Ensorcelled Hibernation  Hex/Ice        100%       N/A       1%          2
 Jinxbite                 Hex            100%       N/A       1%          2
 Scorch                   Fire           100%       2d9       1%          2
 Confusing Touch          Hex            50%        N/A       1%          3
 Dazzling Flash           Conj/Hex       100%       N/A       1%          3
 Frozen Ramparts          Ice            100%       1d16      1%          3
 Ignite Poison            Fire/Tmut/Pois 50%        N/A       1%          3
 Inner Flame              Hex/Fire       50%        N/A       1%          3
 Mephitic Cloud           Conj/Pois/Air  50%        N/A       1%          3
 Ozocubu's Armour         Ice            50%        N/A       1%          3
 Sigil of Binding         Hex            50%        N/A       1%          3
 Stone Arrow              Conj/Erth      100%       3d13      1%          3
 Tukima's Dance           Hex            50%        N/A       1%          3
 Volatile Blastmotes      Fire/Tloc      100%       2d18      1%          3
 Anguish                  Hex/Necr       64%        N/A       1%          4
 Summon Lightning Spire   Summ/Air       100%       N/A       1%          4
 Vhi's Electric Charge    Tloc/Air       100%       N/A       1%          4
 Borgnjor's Revivificati  Necr           80%        N/A       1%          8
 Brom's Barrelling Bould  Conj/Erth      50%        2d7       4%          4
 Cause Fear               Hex            25%        N/A       4%          4
 Flame Wave               Conj/Fire      50%        2d12      4%          4
 Fulminant Prism          Conj/Hex       25%        3d13      4%          4
 Leda's Liquefaction      Hex/Erth       25%        N/A       4%          4
 Sticky Flame             Conj/Fire      50%        2d7       4%          4
 Death's Door             Necr           80%        N/A       5%          9
 Disjunction              Tloc           57%        N/A       10%         8
 Alistair's Intoxication  Tmut/Pois      33%        N/A       13%         5
 Arcjolt                  Conj/Air       25%        1d35      13%         5
 Fireball                 Conj/Fire      25%        3d11      13%         5
 Lee's Rapid Deconstruct  Erth           25%        3d14*     13%         5
 Silence                  Hex/Air        25%        N/A       13%         5
 Yara's Violent Unravell  Hex/Tmut       25%        3d11      13%         5
 Bombard                  Conj/Erth      25%        9d5       56%         6
 Conjure Ball Lightning   Conj/Air       25%        3x3d7     56%         6
 Eringya's Noxious Bog    Tmut/Pois      25%        4d6       56%         6
 Plasma Beam              Fire/Air       25%        2x1d37    56%         6
 Starburst                Conj/Fire      25%        6d8       56%         6
 Enfeeble                 Hex            25%        N/A       98%         7
 Ozocubu's Refrigeration  Ice            25%        4d13      98%         7
 Discord                  Hex            25%        N/A       100%        8
 Ignition                 Fire           25%        3d8       100%        8
 Lehudib's Crystal Spear  Conj/Erth      25%        10d7      100%        8
 Animate Armour           Summ/Erth      Unusable   N/A       N/A         4

Dungeon Overview and Level Annotations

Branches:
Dungeon (15/15)            Temple (1/1) D:4            Lair (5/5) D:9
  Swamp (4/4) Lair:3        Snake (4/4) Lair:2        Slime (5/5) Lair:5
    Orc (2/2) D:9             Elf (3/3) Orc:2        Vaults (4/5) D:14
  Crypt (3/3) Vaults:3       Tomb (1/3) Crypt:3      Depths (4/4) D:15
   Hell (visited)             Zot (3/5) Depths:4    Ossuary (visited)
  IceCv (visited)         Volcano (visited)          WizLab (visited)
Gauntlet (visited)
    Dis: Hell:1         Geh: Hell:1         Coc: Hell:1         Tar: Hell:1

Altars:
Ashenzari
Cheibriados
Dithmenos
Elyvilon
Fedhas
Gozag
Hepliaklqana
Kikubaaqudgha
Makhleb
Nemelex Xobeh
Okawaru
Qazlal
Ru
Sif Muna
Trog
Uskayaw
Vehumet
Wu Jian
Xom
Yredelemnul
Zin
The Shining One
Jiyva

Shops:
D:2 *   D:3 :   D:5 [?:(   Orc:1 [   Orc:2 =(*[   Elf:1 [   Snake:1 (:
Vaults:4 (   Depths:1 [:   Depths:2 :

Portals:
Hell: Depths:1 Depths:2 Depths:3 Depths:4
Abyss: Depths:2 Depths:3
Pandemonium: Depths:1 Depths:2 Depths:4
Ziggurat: Depths:2
Trove: Depths:3 (give horn of Geryon)

Annotations:
Temple 2 transporters
Lair:1 3 runed translucent doors, Scaretemple's ghost, novice OpIE
Swamp:4 Lernaean hydra
Slime:5 Royal Jelly
Orc:1 2 transporters, Dega's ghost, journeyman SpHu
Hell Geryon
Zot:3 Tiamat


Innate Abilities, Weirdness & Mutations

You cannot wear most types of armour.
You are amphibious.
You can wear up to eight rings at the same time.
Your skin changes colour to match your surroundings (Stealth+).
Your rubbery body absorbs attacks. (AC +1, EV +1)
((You are camouflaged when in or above water. (Stealth+)))
You have tentacles for arms and can constrict up to eight enemies at once.
One of your tentacles bears a spike.
You are agile. (Dex +4, Str/Int -1)
Your mind is very acute. (Int +8, Str/Dex -2)
You are strong-willed. (Will+)
You passively map the area around you.
You are extremely robust. (+30% HP)
Your muscles are strong. (Str +4, Int/Dex -1)
Your body has grown many eyes which may confuse attackers. (Acc +5)
Armour fits poorly on your massive pseudopods.
You are covered in slimy tendrils that may disarm your opponents.
You have a small jelly attached to you that senses nearby items.


Message History

You hear a deafening roar!
Your wraith is no longer moving slowly.
The death cob closely misses your wraith.
The quicksilver dragon bites your wraith!!
The quicksilver dragon claws your wraith!
The moth of wrath closely misses your wraith.
The death cob hits your wraith!
Your wraith is destroyed!
Your wraith disappears in a puff of smoke!
The quicksilver dragon bites your wraith!
Your wraith is destroyed!
Your wraith disappears in a puff of smoke!
The titan waves its arms in wide circles.
The air twists around and strikes you!!
* * * LOW HITPOINT WARNING * * *
Your wraith barely misses the death cob.
The titan casts a spell at you.
The bolt of lightning hits the titan.
The titan completely resists.
The bolt of lightning misses the death cob.
The bolt of lightning hits your cactus giant!!
The bolt of lightning misses you.
The death cob gives a chilling moan.
As you read the scroll of fog, it dissolves into smoke.
Your wraith disappears in a puff of smoke!
Something hits your wraith! Something drains your wraith's vigour!
Your wraith seems to slow down.
Something barely misses your wraith.
Something bites your wraith but does no damage.
You feel yourself speed up.
Your wraith disappears in a puff of smoke!
Your four-headed hydra misses the death cob.
Your four-headed hydra barely misses the death cob.
Your four-headed hydra bites the death cob!
The death cob is destroyed!
Your four-headed hydra bites the quicksilver dragon!
The quicksilver dragon breathes dispelling energy at you.
The bolt of dispelling energy hits your cactus giant!!
The bolt of dispelling energy hits you!!
Your magical effects are unravelling.
You die...

* ~ ~ #...# .... *
#...# , ,.z.. * ~
#...# .... * ~~
#...# * #..# ,
#.§.# #..# * ~
#.∩§#########..#
####§§y....C..$§...
#§§DD§CC.C§§.W§y...
#§@C§§.C..§D.......
*,
#§§§§D#############
, ~#§$§..# ~ ~~~~ ~
#/?$..#~~ ~ #######
~ ~ ~ ~ ~ ~ ~ ~ ,~
~ ~ ~~ , ,, , , *
** * * * *


You could see a quicksilver dragon (catching breath, ally target), a friendly
four-headed hydra (summoned) and a friendly cactus giant (summoned).

Vanquished Creatures
  An ancient lich (WizLab)
  Boris (Tomb:1)
  A caustic shrike (Depths:4)
  A bone dragon (Crypt:3)
  A walking crystal tome (Abyss:6)
  3 liches
  A titan (Zot:2)
  A quicksilver dragon (Zot:2)
  A draconian monk (Zot:3)
  A revenant (Crypt:3)
  A storm dragon (Zot:2)
  A caustic shrike zombie (Hell)
  A draconian shifter (Zot:1)
  A curse skull (Crypt:1)
  A reaper (Crypt:2)
  A ghoul (Crypt:1)
  A lorocyproca (Depths:2)
  A black draconian (Zot:1)
  3 vampire knights
  2 eleionomae (Swamp:4)
  3 spark wasps
  A white draconian (Zot:3)
  A dire elephant (Vaults:1)
  An ettin (Depths:3)
  7 jiangshi
  A yaktaur captain (Vaults:4)
  A hydra (Swamp:4)
  3 anacondas
  A spriggan skeleton (Crypt:3)
  A ghost crab (Swamp:3)
  2 ironbound frosthearts
  3 dancing weapons (Elf:2)
  A sphinx skeleton (Vaults:3)
  2 death scarabs (Tomb:1)
  5 thrashing horrors
  A titan zombie (Crypt:2)
  A tengu warrior (Depths:1)
  A sun demon (Pan)
  2 soul eaters
  A wretched star (Abyss:6)
  An occultist (Gauntlet)
  11 skeletal warriors
  4 sixfirhies
  A shadow wraith (Crypt:3)
  A quicksilver dragon simulacrum (Hell)
  A spriggan simulacrum (Crypt:3)
  A deep troll (Vaults:1)
  A deep elf archer (Elf:2)
  A flayed ghost (Crypt:3)
  An anaconda skeleton (Crypt:2)
  2 mana vipers (Snake:3)
  2 lindwurms
  6 phantasmal warriors (Crypt:3)
  6 ugly things
  An ironbound convoker (Vaults:2)
  8 deep elf pyromancers
  5 deep elf zephyrmancers
  3 arcanists
  2 necromancers
  A salamander (Snake:4)
  8 black mambas
  A smoke demon (Pan)
  2 vault sentinels
  3 cane toads
  A bunyip simulacrum (Crypt:2)
  2 yaktaurs
  An elf skeleton (Vaults:3)
  An ancient zyme (Abyss:6)
  A raiju (Abyss:2)
  A hornet (Swamp:4)
  7 large abominations
  7 flying skulls (Crypt:3)
  2 small abominations
  A ynoxinul (Pan)
  A vampire (WizLab)
  A shadow (D:10)
  A nameless horror (Elf:2)
  A yak (Lair:1)
  A fire elemental (Elf:3)
  2 wraiths (Crypt:3)
  4 fire bats (Volcano)
  3 vampire mosquitoes
  A harpy simulacrum (Crypt:2)
  A warg (Orc:2)
  2 swamp worms
  A naga (Snake:1)
  A hydra simulacrum (IceCv)
  A water moccasin (Lair:1)
  3 orc warriors
  A hornet zombie (Ossuary)
  3 wolves
  A necrophage (Crypt:3)
  A water moccasin zombie (Ossuary)
  2 mutant beasts (D:8)
  2 centaur zombies
  A hound (D:5)
  An orc priest (D:11)
  An iguana (D:4)
  2 orc wizards
  A killer bee zombie (Ossuary)
  An ogre zombie (WizLab)
  A naga skeleton (Crypt:1)
  A hound skeleton (Crypt:2)
  A howler monkey zombie (Ossuary)
  3 gnolls
  An adder (D:3)
  2 ufetubi
  A dart slug (D:2)
  12 orcs
  An endoplasm (D:2)
  A giant cockroach (D:1)
  12 goblins
  4 hobgoblins
  A jackal (D:1)
  A quokka (D:2)
  5 ball pythons (D:1)
  A bat (D:1)
  6 kobolds
  A quokka skeleton (Crypt:1)
  2 rats
  A butterfly (Lair:4)
260 creatures vanquished.

Vanquished Creatures (collateral kills)
  A pandemonium lord (Pan)
  2 dread liches
  An ancient lich (Crypt:3)
  Mara (Swamp:3)
  A juggernaut (Depths:3)
  Sojobo (Vaults:3)
  A royal mummy (Tomb:1)
  Josephina (Crypt:2)
  Boris (Vaults:3)
  Bai Suzhen (Depths:1)
  Margery (Vaults:2)
  Saint Roka (Crypt:2)
  6 caustic shrikes
  Vv (Depths:3)
  Vashnia (Snake:2)
  5 golden dragons
  A profane servitor (Crypt:3)
  A bone dragon (Depths:4)
  4 doom hounds (Depths:2)
  2 tentacled monstrosities
  An electric golem (Zot:2)
  Jorgrun (Swamp:3)
  2 liches
  6 titans
  3 deep elf blademasters
  Mlioglotl (Snake:1)
  Asterion (Depths:1)
  2 quicksilver dragons (Zot:1)
  7 sphinxes
  A walking frostbound tome (Depths:3)
  6 ancient champions
  6 Executioners
  6 death cobs
  An eldritch tentacle (Snake:3)
  3 tentacled starspawn (Abyss:6)
  A shadow dragon (Depths:4)
  4 storm dragons
  5 tengu reavers
  Kirke (Snake:1)
  A draconian knight (Depths:4)
  5 nagarajas
  A fenstrider witch (Swamp:1)
  3 revenants
  5 fire giants
  3 frost giants
  4 vault wardens
  A spectral caustic shrike (Crypt:3)
  6 balrugs
  12 deep elf sorcerers
  2 draconian shifters
  A curse skull (Crypt:2)
  2 deep elf elementalists (Elf:3)
  A draconian scorcher (Zot:1)
  3 spriggan defenders
  3 orc warlords
  4 ghouls
  A draconian stormcaller (Depths:4)
  13 ironbound preservers
  3 cacodemons
  10 very ugly things
  2 reapers
  A demonspawn corrupter (Pan)
  4 stone giants
  A demonspawn blood saint (Pan)
  5 ironbound thunderhulks
  2 vampire knights
  3 green draconians (Zot:1)
  6 eleionomae
  A minotaur (Gauntlet)
  2 purple draconians
  5 deep elf demonologists
  2 deep elf annihilators
  Azrael (Snake:2)
  7 bunyips
  5 black draconians
  5 white draconians
  6 red draconians
  7 spark wasps
  5 yellow draconians
  12 dire elephants
  5 blizzard demons
  3 merfolk javelineers
  6 deep elf death magi
  3 eidola
  A green death (Pan)
  A crystal guardian (Vaults:4)
  2 mummy priests (Tomb:1)
  6 ettins
  13 jiangshi
  4 merfolk impalers
  2 spriggan zombies (Crypt:2)
  A shambling mangrove (Swamp:4)
  9 yaktaur captains
  6 fire dragons
  9 vault guards
  Harold (Lair:1)
  5 deep elf high priests
  A peacekeeper (Vaults:4)
  A caustic shrike simulacrum (IceCv)
  9 ice dragons
  An ogre mage (D:15)
  4 rakshasas
  24 hydras
  3 salamander tyrants (Snake:4)
  3 catoblepae
  13 alligators
  2 spriggan air magi
  9 anacondas
  3 ghost crabs
  6 death knights
  3 ironbound frosthearts
  A centaur warrior (Vaults:1)
  A juggernaut simulacrum (Crypt:2)
  7 two-headed ogres
  11 naga warriors
  8 death yaks
  20 dancing weapons
  2 demonic crawlers (Pan)
  7 boulder beetles
  10 death scarabs (Tomb:1)
  A deep troll shaman (Depths:2)
  12 tengu warriors
  5 thrashing horrors (Abyss:6)
  A hell hog (Depths:2)
  3 orc high priests (Orc:2)
  A deep troll earth mage (Depths:2)
  2 vampire magi (Crypt:2)
  3 spriggan berserkers
  11 naga sharpshooters
  4 soul eaters (Pan)
  14 deep elf knights
  15 sun demons
  6 hell knights
  12 shock serpents
  Nergalle (Lair:1)
  2 shadow wraiths
  7 salamander mystics
  40 skeletal warriors
  A wretched star (Abyss:6)
  2 goliath frogs
  4 sea snakes (Snake:1)
  A spatial maelstrom (Abyss:6)
  A bunyip zombie (Crypt:2)
  5 sixfirhies
  A fire crab (Lair:1)
  A spectral anaconda (Crypt:3)
  3 spriggan druids
  8 naga ritualists
  32 deep trolls
  2 shadow demons
  12 swamp dragons
  6 flayed ghosts
  10 lindwurms
  7 ironbound convokers
  4 orange crystal statues
  5 phantasmal warriors
  2 bog bodies (Swamp:2)
  A tengu zombie (Vaults:3)
  8 arcanists
  6 deep elf archers
  5 orc knights
  8 necromancers
  19 deep elf zephyrmancers
  14 mana vipers
  30 ugly things
  2 human zombies
  26 deep elf pyromancers
  4 orc sorcerers (Orc:2)
  3 oklob plants (Lair:5)
  8 manticores
  8 will-o-the-wisps
  16 salamanders
  A worldbinder (Abyss:2)
  6 moths of wrath
  A rust devil (Depths:2)
  11 vault sentinels
  19 elephants
  A frost giant skeleton (Crypt:1)
  45 black mambas
  6 cyclopes
  8 smoke demons
  2 naga zombies
  9 guardian serpents
  2 orange demons (Pan)
  17 cane toads
  6 large abominations
  A grey draconian zombie (Crypt:2)
  14 naga magi
  3 gargoyles
  An alligator snapping turtle zombie (Crypt:2)
  4 unseen horrors
  3 rime drakes
  13 komodo dragons
  An anaconda simulacrum (IceCv)
  An elf skeleton (Vaults:3)
  A steelbarb worm zombie (Crypt:1)
  18 yaktaurs
  2 yaktaur skeletons (Vaults:3)
  4 kobold demonologists
  An unseen horror zombie (D:10)
  2 tengu conjurers
  A hellion (Depths:2)
  3 guardian mummies
  An ice devil (Depths:2)
  2 ancient zymes
  A tormentor (Depths:2)
  5 human skeletons
  15 freezing wraiths
  A red devil (Pan)
  4 golden dragon simulacra (IceCv)
  8 trolls
  7 tyrant leeches
  A harpy zombie (Crypt:2)
  3 hellwings
  A tarantella (shapeshifter) (Depths:4)
  A shadow dragon simulacrum (Crypt:2)
  4 polar bears
  A raiju (shapeshifter) (D:14)
  14 hornets
  A harpy skeleton (Tomb:1)
  17 blink frogs
  A hydra skeleton (Crypt:2)
  7 raiju
  21 dream sheep
  An ettin zombie (Vaults:3)
  A meliai zombie (D:10)
  A tarantella zombie (Crypt:2)
  A centaur simulacrum (Crypt:2)
  An ettin skeleton (Crypt:2)
  40 flying skulls
  A jumping spider (shapeshifter) (Elf:2)
  7 ynoxinuls
  An air elemental (Elf:3)
  A satyr skeleton (Crypt:1)
  5 shadows
  3 dire elephant simulacra (IceCv)
  13 spriggans
  7 water elementals
  10 wraiths
  6 fire elementals
  5 humans (D:14)
  3 vampires (WizLab)
  3 nameless horrors
  2 ushabtiu (Tomb:1)
  8 wyverns
  6 basilisks
  A fire bat (shapeshifter) (Depths:4)
  38 yaks
  5 fire bats (Volcano)
  2 hogs (Snake:1)
  7 small abominations
  5 steam dragons
  3 chaos spawn
  2 neqoxecs (Abyss:6)
  4 vampire mosquitoes
  4 two-headed ogre zombies (WizLab)
  A demonspawn zombie (Crypt:2)
  A glowing shapeshifter zombie (Vaults:3)
  A warg (Orc:1)
  18 swamp worms
  16 water moccasins
  42 nagas
  A hydra simulacrum (IceCv)
  2 acid dragons (D:10)
  7 hell hounds
  31 orc warriors
  11 swamp drakes
  A sky beast (D:7)
  4 black bears
  2 ice beasts
  An elephant zombie (Crypt:2)
  2 ettin simulacra (IceCv)
  15 ogres
  16 wolves
  5 centaurs
  A rime drake zombie (Crypt:2)
  A phantom (D:5)
  A lindwurm skeleton (Crypt:1)
  6 kobold brigands
  4 bullfrogs
  2 gnoll sergeants
  4 necrophages
  2 earth elementals (Elf:3)
  A rime drake skeleton (Crypt:2)
  4 scorpions
  2 water moccasin zombies (Ossuary)
  18 wights
  A raiju zombie (Crypt:1)
  12 killer bees
  7 troll zombies (WizLab)
  3 lindwurm simulacra (IceCv)
  A spriggan skeleton (Crypt:2)
  5 electric eels
  A jelly (D:7)
  3 bullfrog zombies (Ossuary)
  10 centaur zombies
  5 hounds
  25 orc priests
  A starcursed mass (Abyss:3)
  2 sleepcaps
  2 gnoll boudas
  Ijyb (D:4)
  2 iguanas
  A mutant beast (D:8)
  23 orc wizards
  2 ogre zombies (WizLab)
  2 killer bee zombies (Ossuary)
  19 mummies
  4 howler monkey zombies
  17 gnolls
  4 adders
  6 shadow imps
  3 white imps
  4 ufetubi
  A worm (D:4)
  2 dart slugs (D:3)
  76 orcs
  2 ball pythons
  A bat (D:3)
  2 endoplasms (D:1)
  2 giant cockroaches (D:1)
  7 goblins
  4 hobgoblins
  4 jackals
  27 kobolds
  4 frilled lizards
  3 rats
  A rat skeleton (Crypt:1)
  A butterfly (Lair:4)
1935 creatures vanquished.

Vanquished Creatures (others)
  26 eldritch tentacles
  A formless jellyfish (Vaults:4)
  2 deep elf sorcerers (Elf:3)
  A ghost moth (Zot:1)
  A draconian annihilator (Zot:1)
  3 ironbound thunderhulks
  A stone giant (Vaults:4)
  A minotaur (shapeshifter) (Vaults:4)
  An entropy weaver (Vaults:4)
  5 great orbs of eyes
  An ironbound frostheart (Vaults:4)
  2 centaur warriors (D:12)
  An ogre mage (Vaults:1)
  A two-headed ogre (D:12)
  A boulder beetle (D:12)
  A deep elf knight (Elf:2)
  A deep elf archer (Elf:1)
  A swamp dragon (shapeshifter) (Depths:4)
  A deep troll (Vaults:3)
  A deep elf zephyrmancer (Elf:3)
  4 ironbound convokers
  2 necromancers
  4 ugly things
  A salamander (Snake:4)
  A cyclops (D:14)
  2 vault sentinels
  2 human skeletons (Vaults:3)
  A guardian serpent (Snake:4)
  3 yaktaurs
  A tengu conjurer (D:14)
  A troll (D:12)
  A bloated husk (Swamp:4)
  A glass eye (shapeshifter) (Abyss:6)
  A polar bear (Lair:3)
  A hellwing (Pan)
  A hornet (Depths:3)
  33 slime creatures
  A jumping spider (Vaults:4)
  A flying skull (Crypt:3)
  5 yaks
  A redback (shapeshifter) (D:15)
  A golden eye (shapeshifter) (Vaults:3)
  A human (Snake:1)
  A redback (Vaults:4)
  2 vampire mosquitoes (D:12)
  A swamp worm (Swamp:3)
  A large abomination (Abyss:6)
  2 nagas
  3 orc warriors
  A centaur (D:12)
  A boggart (shapeshifter) (Elf:2)
  A boggart (Vaults:2)
  A bullfrog (Lair:3)
  2 orc priests (Orc:2)
  367 jellies
  An iron imp (D:10)
  3 orc wizards (Orc:2)
  3 gnolls (D:10)
  A steam dragon zombie (Crypt:2)
  13 orcs
  A butterfly (Lair:4)
  28 foxfires
  A lurking horror (Abyss:6)
  11 starspawn tentacles (Abyss:6)
568 creatures vanquished.

Grand Total: 2763 creatures vanquished

Notes
Turn   | Place    | Note
-------+----------+-------------------------------------------
     0 | D:1      | Scaretemple the Octopode Summoner began the quest for the
                  | Orb.
     0 | D:1      | Reached XP level 1. HP: 11/11 MP: 3/3
    75 | D:1      | Found a faded altar of an unknown god.
   102 | D:1      | Reached XP level 2. HP: 17/17 MP: 5/5
   408 | D:1      | Reached XP level 3. HP: 11/21 MP: 4/6
   487 | D:1      | Reached skill level 5 in Summonings
   513 | D:1      | Learned a level 3 spell: Call Canine Familiar
   655 | D:2      | Found a glowing golden altar of the Shining One.
   748 | D:2      | Identified the +7 short sword of Slow Death {freeze, rC+
                  | rN+ Str-5 Dex+3}
  1016 | D:3      | Identified the +2 robe of Pantheism {Str+2}
  1071 | D:2      | Found Vuegri's General Store.
  1077 | D:2      | Bought a potion of mutation for 96 gold pieces
  1077 | D:2      | Bought a potion of degeneration for 12 gold pieces
  1251 | D:2      | Reached XP level 4. HP: 23/27 MP: 7/7
  2094 | D:3      | Found a broken altar of Ashenzari.
  2241 | D:3      | Found Muenk's Book Emporium.
  2267 | D:4      | Noticed a scorpion
  2283 | D:3      | Reached XP level 5. HP: 25/31 MP: 4/8
  2671 | D:4      | Learned a level 2 spell: Call Imp
  2765 | D:5      | Entered Level 5 of the Dungeon
  2765 | D:5      | Noticed an orc warrior
  3337 | D:4      | Reached XP level 6. HP: 30/36 MP: 3/9
  3431 | D:4      | Found a staircase to the Ecumenical Temple.
  3437 | Temple   | Found a transporter.
  3437 | Temple   | Found a transporter.
  3437 | Temple   | Found a transporter.
  3437 | Temple   | Found a transporter.
  3437 | Temple   | Entered the Ecumenical Temple
  3450 | Temple   | Became a worshipper of Elyvilon the Healer
  3889 | D:5      | Killed an orc warrior
  3890 | D:5      | Reached XP level 7. HP: 41/41 MP: 4/10
  4158 | D:4      | Found a sacrificial altar of Ru.
  4241 | D:4      | Noticed Ijyb
  4424 | D:4      | Killed Ijyb
  4717 | D:6      | Reached * piety under Elyvilon
  4745 | D:6      | Found a sand-covered staircase.
  4755 | Ossuary  | Entered an ossuary
  4845 | Ossuary  | Reached XP level 8. HP: 46/46 MP: 14/14
  5027 | Ossuary  | Reached skill level 10 in Summonings
  5690 | D:5      | Reached XP level 9. HP: 51/51 MP: 15/15
  5762 | D:5      | Found Joddeih's Book Emporium.
  5763 | D:5      | Found Unosh's Magic Scroll Shoppe.
  5763 | D:5      | Found Moif's Weapon Boutique.
  5765 | D:5      | Found Keorphe's Antique Armour Emporium.
  5818 | D:5      | Learned a level 6 spell: Summon Cactus Giant
  6399 | D:6      | Reached ** piety under Elyvilon
  7296 | D:6      | Found a bloodstained altar of Trog.
  7504 | D:7      | Found a sparkling altar of Nemelex Xobeh.
  7542 | D:7      | Reached skill level 5 in Spellcasting
  7774 | D:7      | Reached *** piety under Elyvilon
  7968 | D:7      | Reached XP level 10. HP: 45/56 MP: 18/18
  8137 | D:7      | Found an ornate altar of the Wu Jian Council.
  8662 | D:8      | Noticed a juvenile stingshock beast
  8690 | D:8      | Elyvilon protects you from harm!
  9448 | D:8      | Found a shimmering altar of Xom.
  9468 | D:9      | Noticed a kobold demonologist
  9468 | D:9      | Noticed a kobold demonologist
  9468 | D:9      | Found a burning altar of Makhleb.
  9477 | D:8      | Killed a kobold demonologist
  9715 | D:9      | Reached **** piety under Elyvilon
  9836 | D:9      | Found a staircase to the Orcish Mines.
  9900 | D:9      | Killed a kobold demonologist
 10102 | D:9      | Noticed a +0 hand axe
 10104 | D:9      | Noticed a +0 hand axe
 10212 | D:9      | Found a hide-covered altar of Uskayaw.
 10224 | D:10     | Entered Level 10 of the Dungeon
 10588 | D:9      | Reached XP level 11. HP: 61/61 MP: 16/23
 10736 | D:9      | Found a staircase to the Lair.
 10829 | D:9      | Found a glowing golden altar of the Shining One.
 10979 | D:9      | Noticed an orange crystal statue
 10991 | D:9      | Killed an orange crystal statue
 11205 | D:10     | Found a basalt altar of Yredelemnul.
 11517 | Lair:1   | Entered Level 1 of the Lair of Beasts
 11637 | Lair:1   | Noticed Harold
 11865 | Lair:1   | Reached ***** piety under Elyvilon
 11897 | Lair:1   | Noticed Nergalle
 11958 | Lair:1   | Killed Nergalle
 11959 | Lair:1   | Reached skill level 10 in Spellcasting
 12128 | Lair:1   | Reached skill level 1 in Fighting
 12204 | Lair:1   | Elyvilon protects you from harm!
 12748 | Lair:1   | Found a runed translucent gate.
 12749 | Lair:1   | Found a runed translucent gate.
 12750 | Lair:1   | Found a runed translucent gate.
 12771 | Lair:1   | Noticed a minotaur
 12785 | Lair:1   | Noticed Scaretemple's ghost (novice OpIE)
 12932 | Lair:2   | Reached skill level 5 in Stealth
 12956 | Lair:2   | Upgraded the game from 0.31-a0-953-geb88551 to
                  | 0.31-a0-956-g43d22bd
 13103 | Lair:2   | Reached XP level 12. HP: 72/72 MP: 26/26
 13656 | Lair:2   | Reached skill level 5 in Dodging
 13815 | Lair:2   | Reached skill level 5 in Fighting
 14150 | Lair:3   | Noticed a catoblepas
 14323 | Lair:4   | Found a dark tunnel.
 14350 | Volcano  | Entered a volcano
 14581 | Volcano  | Noticed a two-headed ogre
 14591 | Volcano  | Killed a two-headed ogre
 14734 | Volcano  | Noticed a two-headed ogre
 14742 | Volcano  | Killed a two-headed ogre
 15127 | Volcano  | Reached XP level 13. HP: 75/86 MP: 27/27
 15457 | Volcano  | Learned a level 4 spell: Summon Lightning Spire
 15516 | Volcano  | Noticed a fire dragon
 15621 | Volcano  | Killed a fire dragon
 15822 | Lair:5   | Entered Level 5 of the Lair of Beasts
 18494 | Lair:5   | Reached XP level 14. HP: 95/95 MP: 25/31
 19048 | Lair:5   | Found a viscous altar of Jiyva.
 19151 | Lair:5   | Found a staircase to the Slime Pits.
 19197 | Lair:5   | Fell from the grace of Elyvilon
 19197 | Lair:5   | Became a worshipper of Jiyva Jany the Shapeless
 19522 | Lair:5   | Reached skill level 15 in Summonings
 20160 | Lair:5   | Noticed a dire elephant
 20893 | Lair:2   | Reached * piety under Jiyva
 21017 | Lair:2   | Found a staircase to the Snake Pit.
 21300 | Lair:1   | Killed Harold
 21535 | Lair:1   | Learned a level 2 spell: Blink
 21563 | Lair:1   | Reached skill level 1 in Translocations
 22551 | Lair:3   | Reached ** piety under Jiyva
 22624 | Lair:3   | Found a staircase to the Swamp.
 22714 | Lair:3   | Reached XP level 15. HP: 103/103 MP: 33/33
 22767 | Lair:3   | Reached skill level 10 in Fighting
 23352 | Lair:3   | Reached *** piety under Jiyva
 23884 | D:10     | Reached skill level 10 in Dodging
 23891 | D:10     | Gained mutation: You expend magic power (3 MP) to
                  | strengthen your wands. [Jiyva's grace]
 23891 | D:10     | Gained mutation: You are agile. (Dex +4, Str/Int -1)
                  | [Jiyva's grace]
 23891 | D:10     | Gained mutation: You are very agile. (Dex +8, Str/Int -2)
                  | [Jiyva's grace]
 23891 | D:10     | Gained mutation: One of your tentacles bears a spike.
                  | [Jiyva's grace]
 24010 | D:10     | Found a snail-covered altar of Cheibriados.
 24623 | D:11     | Reached **** piety under Jiyva
 26024 | D:12     | Gained mutation: You are strong-willed. (Will+) [Jiyva's
                  | grace]
 26024 | D:12     | Gained mutation: You are highly strong-willed. (Will++)
                  | [Jiyva's grace]
 26024 | D:12     | Gained mutation: You are extremely strong-willed. (Will+++)
                  | [Jiyva's grace]
 26024 | D:12     | Gained mutation: You possess an exceptional clarity of
                  | mind. [Jiyva's grace]
 26037 | D:12     | Found a shimmering blue altar of Sif Muna.
 26179 | D:12     | Reached ***** piety under Jiyva
 27198 | D:13     | Reached skill level 1 in Shields
 27993 | D:14     | Reached skill level 5 in Shields
 28044 | D:14     | Found a gate to the Vaults.
 28044 | D:14     | Identified the +3 great mace "Uducuf" {elec, rC+ Dex+4
                  | SInv}
 28168 | D:15     | Entered Level 15 of the Dungeon
 28216 | D:15     | Found a gate leading to a gauntlet.
 28225 | Gauntlet | Entered a Gauntlet
 28225 | Gauntlet | Found a transporter.
 28225 | Gauntlet | Found a transporter.
 28238 | Gauntlet | Found a transporter.
 28238 | Gauntlet | Found a transporter.
 28246 | Gauntlet | Found a transporter.
 28249 | Gauntlet | Found a transporter.
 28253 | Gauntlet | Found a runed translucent door.
 28253 | Gauntlet | Found a runed translucent door.
 28257 | Gauntlet | Found a transporter.
 28275 | Gauntlet | Found a transporter.
 28292 | Gauntlet | Found a transporter.
 28295 | Gauntlet | Found a transporter.
 28307 | Gauntlet | Found a transporter.
 28308 | Gauntlet | Found a transporter.
 28347 | Gauntlet | Lost mutation: One of your tentacles bears a spike.
                  | [Jiyva's grace]
 28347 | Gauntlet | Gained mutation: Your muscles are strong. (Str +4, Int/Dex
                  | -1) [Jiyva's grace]
 28347 | Gauntlet | Gained mutation: Your muscles are very strong. (Str +8,
                  | Int/Dex -2) [Jiyva's grace]
 28347 | Gauntlet | Gained mutation: Armour fits poorly on your pseudopods.
                  | [Jiyva's grace]
 28347 | Gauntlet | Gained mutation: Armour fits poorly on your large
                  | pseudopods. [Jiyva's grace]
 28347 | Gauntlet | Reached ****** piety under Jiyva
 28423 | Gauntlet | Reached XP level 16. HP: 111/111 MP: 34/34
 28467 | Gauntlet | Learned a level 7 spell: Haunt
 28480 | Gauntlet | Reached skill level 1 in Necromancy
 28495 | Gauntlet | Identified the ring "Zankiodghyo" {Fly rElec rF- rC+
                  | Slay+4}
 28553 | Gauntlet | Identified the ring "Diathy" {rElec rF+ Int+3 Dex+2}
 28954 | D:14     | Reached skill level 5 in Necromancy
 29860 | D:15     | Found a staircase to the Depths.
 30013 | D:15     | Lost mutation: You are very agile. (Dex +8, Str/Int -2)
                  | [Jiyva's grace]
 30013 | D:15     | Lost mutation: You possess an exceptional clarity of mind.
                  | [Jiyva's grace]
 30013 | D:15     | Lost mutation: Armour fits poorly on your large pseudopods.
                  | [Jiyva's grace]
 30013 | D:15     | Gained mutation: Armour fits poorly on your large
                  | pseudopods. [Jiyva's grace]
 30013 | D:15     | Gained mutation: Armour fits poorly on your massive
                  | pseudopods. [Jiyva's grace]
 30013 | D:15     | Gained mutation: Your body has grown eyes which may confuse
                  | attackers. (Acc +3) [Jiyva's grace]
 30013 | D:15     | Gained mutation: Your body has grown many eyes which may
                  | confuse attackers. (Acc +5) [Jiyva's grace]
 30390 | Vaults:5 | Identified the "Panopo"
 30390 | Vaults:5 | Identified the of Zihu
 30390 | Vaults:5 | Identified the of Jusidgh
 30390 | Vaults:5 | Identified the of Vuseg
 30390 | Vaults:5 | Identified the "Inysienk"
 30390 | Depths:4 | Identified the of Citsim Qoan
 30390 | Elf:1    | Identified the "Noidghule"
 30390 | Elf:3    | Identified the "Duiqud"
 30390 | Elf:3    | Identified the of Ceast
 30390 | Zot:2    | Identified the "Beugaanel"
 30390 | Slime:1  | Entered Level 1 of the Pits of Slime
 30403 | Slime:3  | Noticed a rockslime
 30413 | Slime:4  | Noticed a rockslime
 30413 | Slime:4  | Noticed a rockslime
 30413 | Slime:4  | Noticed a rockslime
 30413 | Slime:4  | Noticed an acid blob
 30414 | Slime:4  | Noticed a rockslime
 30414 | Slime:4  | Noticed a rockslime
 30414 | Slime:4  | Noticed a rockslime
 30414 | Slime:4  | Noticed a rockslime
 30501 | Slime:2  | Noticed an acid blob
 30627 | Slime:2  | Noticed an azure jelly
 30631 | Slime:3  | Noticed a rockslime
 30635 | Slime:3  | Noticed a rockslime
 30638 | Slime:4  | Noticed an acid blob
 30643 | Slime:5  | Identified the of Eshetaluqo
 30643 | Slime:5  | Identified the "Captumol"
 30643 | Slime:5  | Entered Level 5 of the Pits of Slime
 30651 | Slime:5  | Noticed a rockslime
 30651 | Slime:5  | Noticed an acid blob
 30658 | Slime:5  | Noticed an acid blob
 30671 | Slime:5  | Noticed a rockslime
 30671 | Slime:5  | Noticed a rockslime
 30674 | Slime:5  | Noticed a rockslime
 30698 | Slime:5  | Noticed an azure jelly
 30733 | Slime:5  | Noticed an acid blob
 30759 | Slime:5  | Noticed an acid blob
 30760 | Slime:5  | Noticed the Royal Jelly
 30761 | Slime:5  | Found a viscous altar of Jiyva.
 30768 | Slime:5  | Identified the +6 mace of Law {venom, rCorr Int+6 Dex-2}
 30788 | Slime:5  | Got a slimy rune of Zot
 30796 | Slime:5  | Found the +1 cloak of Starlight {*Dazzle EV+4 Stlth--}
 30797 | Slime:5  | Noticed an azure jelly
 30806 | Slime:5  | Identified the staff "Toowy" {rN+ Int+5 Necro}
 30811 | Slime:5  | Identified the +7 quarterstaff of the Holding Gods {heavy,
                  | Drain rC+ rCorr Str+2}
 30817 | Slime:5  | Found the dreamshard necklace {Acrobat *Dream}
 31054 | Slime:5  | Noticed an acid blob
 31733 | Orc:1    | Entered Level 1 of the Orcish Mines
 31733 | Orc:1    | Found a transporter.
 31748 | Orc:1    | Noticed Dega's ghost (journeyman SpHu)
 31866 | Orc:2    | Entered Level 2 of the Orcish Mines
 31894 | Orc:1    | Found a transporter.
 31924 | Orc:1    | Found Zytof's Armour Boutique.
 32162 | Orc:2    | Found a staircase to the Elven Halls.
 32908 | Orc:2    | Found Muvidd's General Store.
 32909 | Orc:2    | Found Witzef's Jewellery Emporium.
 32911 | Orc:2    | Found Geupit's Antique Armour Shoppe.
 32911 | Orc:2    | Found Dafaoceb's Antique Weapon Shoppe.
 33499 | Elf:1    | Entered Level 1 of the Elven Halls
 33635 | Elf:1    | Reached skill level 10 in Necromancy
 33660 | Elf:1    | Noticed a Brimstone Fiend
 33728 | Elf:1    | Found a magical portal.
 33737 | WizLab   | Entered Zonguldrok's Shrine
 33743 | WizLab   | Learned a level 4 spell: Dispel Undead
 33952 | WizLab   | Noticed an ancient champion
 33966 | WizLab   | Killed an ancient champion
 34010 | WizLab   | Lost mutation: Your muscles are very strong. (Str +8,
                  | Int/Dex -2) [Jiyva's grace]
 34010 | WizLab   | Lost mutation: Your body has grown many eyes which may
                  | confuse attackers. (Acc +5) [Jiyva's grace]
 34010 | WizLab   | Lost mutation: Armour fits poorly on your massive
                  | pseudopods. [Jiyva's grace]
 34010 | WizLab   | Lost mutation: Armour fits poorly on your large pseudopods.
                  | [Jiyva's grace]
 34010 | WizLab   | Gained mutation: Your melee attacks may engulf your foes in
                  | ooze. [Jiyva's grace]
 34010 | WizLab   | Gained mutation: You have acidic saliva. [Jiyva's grace]
 34010 | WizLab   | Gained mutation: Your natural rate of healing is unusually
                  | fast. [Jiyva's grace]
 34010 | WizLab   | Gained mutation: You heal very quickly. [Jiyva's grace]
 34181 | WizLab   | Reached XP level 17. HP: 117/117 MP: 35/35
 34200 | WizLab   | Noticed an ancient champion
 34215 | WizLab   | Killed an ancient champion
 34245 | WizLab   | Noticed an antique lich
 34251 | WizLab   | Killed an antique lich
 34358 | Elf:1    | Found Wafokog's Armour Emporium.
 34637 | Elf:1    | You are sucked into a shaft and drop 1 floor!
 34791 | Elf:2    | Found an ancient bone altar of Kikubaaqudgha.
 35030 | Elf:2    | Found a hide-covered altar of Uskayaw.
 35289 | Elf:1    | Noticed a Brimstone Fiend
 35647 | Elf:2    | Identified the +7 flail of the Harvest {flame, rPois Will-
                  | Str+3}
 36132 | Elf:3    | Entered Level 3 of the Elven Halls
 36283 | Elf:2    | Found a huge runed translucent gate.
 36284 | Elf:2    | Found a huge runed translucent gate.
 36285 | Elf:2    | Found a huge runed translucent gate.
 36286 | Elf:2    | Found a huge runed translucent gate.
 36286 | Elf:2    | Found a huge runed translucent gate.
 36318 | Elf:2    | Reached skill level 15 in Necromancy
 36433 | Elf:2    | Lost mutation: You are extremely strong-willed. (Will+++)
                  | [Jiyva's grace]
 36433 | Elf:2    | Lost mutation: You heal very quickly. [Jiyva's grace]
 36433 | Elf:2    | Lost mutation: Your muscles are strong. (Str +4, Int/Dex
                  | -1) [Jiyva's grace]
 36433 | Elf:2    | Lost mutation: You have acidic saliva. [Jiyva's grace]
 36433 | Elf:2    | Gained mutation: Armour fits poorly on your large
                  | pseudopods. [Jiyva's grace]
 36433 | Elf:2    | Gained mutation: Armour fits poorly on your massive
                  | pseudopods. [Jiyva's grace]
 36433 | Elf:2    | Gained mutation: You are resistant to electric shocks.
                  | (rElec) [Jiyva's grace]
 36433 | Elf:2    | Gained mutation: You have acidic saliva. [Jiyva's grace]
 36436 | Elf:2    | Noticed a deep elf blademaster
 36452 | Elf:2    | Killed a deep elf blademaster
 36864 | Elf:2    | Reached XP level 18. HP: 122/122 MP: 36/36
 36970 | Elf:3    | Noticed a deep elf blademaster
 36971 | Elf:3    | Noticed a Tzitzimitl
 37547 | Elf:3    | Identified the ring of Wacossot {rElec rPois Dex+3 Slay+3}
 37577 | Elf:3    | Killed a deep elf blademaster
 37682 | Elf:3    | Noticed a Tzitzimitl
 37697 | Elf:3    | Identified the staff "Jeliomi" {rPois Dex+3 Poison}
 37697 | Elf:3    | Identified the ring of the Cuttlefish {rElec rC+ Str-4
                  | Int+2 SInv}
 37710 | Elf:3    | Reached skill level 15 in Spellcasting
 37846 | Elf:3    | Noticed a deep elf blademaster
 37858 | Elf:3    | Killed a deep elf blademaster
 38133 | Elf:3    | Found the +6 arbalest "Damnation" {damnation}
 38556 | Swamp:1  | Entered Level 1 of the Swamp
 38559 | Swamp:1  | Learned a level 1 spell: Apportation
 38698 | Swamp:1  | Upgraded the game from 0.31-a0-956-g43d22bd to
                  | 0.31-a0-960-g0fca184
 39401 | Swamp:2  | Lost mutation: Armour fits poorly on your massive
                  | pseudopods. [Jiyva's grace]
 39401 | Swamp:2  | Lost mutation: Armour fits poorly on your large pseudopods.
                  | [Jiyva's grace]
 39401 | Swamp:2  | Lost mutation: You expend magic power (3 MP) to strengthen
                  | your wands. [Jiyva's grace]
 39401 | Swamp:2  | Gained mutation: Your body has grown many eyes which may
                  | confuse attackers. (Acc +5) [Jiyva's grace]
 39401 | Swamp:2  | Gained mutation: Your body is covered in eyes which may
                  | confuse attackers. (Acc +7, SInv) [Jiyva's grace]
 39401 | Swamp:2  | Gained mutation: You passively map a small area around you.
                  | [Jiyva's grace]
 39401 | Swamp:2  | Gained mutation: You passively map the area around you.
                  | [Jiyva's grace]
 39877 | Swamp:3  | Noticed Mara
 39877 | Swamp:3  | Noticed Jorgrun
 39951 | Swamp:3  | Reached XP level 19. HP: 129/129 MP: 34/38
 40022 | Swamp:3  | Killed Jorgrun
 40063 | Swamp:3  | Noticed Scaretemple's illusion
 40075 | Swamp:3  | Killed Mara
 40451 | Swamp:4  | Entered Level 4 of the Swamp
 40594 | Swamp:4  | Reached skill level 10 in Stealth
 41228 | Swamp:4  | Noticed the 27-headed Lernaean hydra
 41279 | Swamp:4  | Reached skill level 5 in Translocations
 41433 | Swamp:4  | Got a decaying rune of Zot
 41605 | Snake:1  | Entered Level 1 of the Snake Pit
 41672 | Snake:1  | Noticed Kirke
 41681 | Snake:1  | Killed Kirke
 41690 | Snake:1  | Learned a level 7 spell: Malign Gateway
 41692 | Snake:1  | Gained mutation: You possess an exceptional clarity of
                  | mind. [Jiyva's grace]
 41692 | Snake:1  | Gained mutation: You are very agile. (Dex +8, Str/Int -2)
                  | [Jiyva's grace]
 41692 | Snake:1  | Gained mutation: You are robust. (+10% HP) [Jiyva's grace]
 41692 | Snake:1  | Gained mutation: You are very robust. (+20% HP) [Jiyva's
                  | grace]
 41788 | Snake:1  | Identified the +3 war axe of Uxkadi {protect, rF+ Str+3}
 41994 | Snake:1  | Noticed Mlioglotl
 42007 | Snake:1  | Killed Mlioglotl
 42104 | Snake:2  | Noticed Vashnia
 42161 | Snake:2  | Killed Vashnia
 42215 | Snake:2  | Noticed Azrael
 42231 | Snake:2  | Killed Azrael
 42249 | Snake:2  | Found a frozen archway.
 42268 | IceCv    | Entered an ice cave
 42573 | IceCv    | Identified the +5 demon whip of Invincibility {freeze, Fly
                  | rC- Str+3 Int+4}
 42673 | Snake:1  | Found Orphokysy's Book Shop.
 42673 | Snake:1  | Found Muir's Antique Weapon Boutique.
 42756 | Snake:1  | Reached XP level 20. HP: 164/164 MP: 11/39
 42760 | Snake:1  | Reached skill level 10 in Translocations
 43572 | Snake:2  | Found a sacrificial altar of Ru.
 43681 | Snake:2  | Found a runed translucent door.
 43685 | Snake:2  | Identified the amulet of Attitude {Reflect +Inv rC+++
                  | Will++ Str-4 SH+5}
 44150 | D:3      | Bought a manual of Stealth for 960 gold pieces
 44150 | D:3      | Bought a book of Decay for 360 gold pieces
 44157 | D:3      | Learned a level 6 spell: Death Channel
 44412 | Vaults:1 | Entered Level 1 of the Vaults
 44595 | Depths:1 | Entered Level 1 of the Depths
 44742 | Depths:1 | Found Xefoh's Armour Shop.
 44745 | Depths:1 | Found a gateway to Hell.
 44970 | Depths:1 | Found a one-way gate leading to the halls of Pandemonium.
 45049 | Depths:1 | Noticed Asterion
 45072 | Depths:1 | Killed Asterion
 45084 | Depths:1 | Noticed Bai Suzhen
 45103 | Depths:1 | Killed Bai Suzhen
 45148 | Depths:1 | Lost mutation: You possess an exceptional clarity of mind.
                  | [Jiyva's grace]
 45148 | Depths:1 | Lost mutation: You are very robust. (+20% HP) [Jiyva's
                  | grace]
 45148 | Depths:1 | Lost mutation: You are robust. (+10% HP) [Jiyva's grace]
 45148 | Depths:1 | Lost mutation: You have acidic saliva. [Jiyva's grace]
 45148 | Depths:1 | Gained mutation: Your flesh is cold resistant. (rC+)
                  | [Jiyva's grace]
 45148 | Depths:1 | Gained mutation: Your flesh is very cold resistant. (rC++)
                  | [Jiyva's grace]
 45148 | Depths:1 | Gained mutation: Your flesh is almost immune to the effects
                  | of cold. (rC+++) [Jiyva's grace]
 45148 | Depths:1 | Gained mutation: You have a small jelly attached to you
                  | that senses nearby items. [Jiyva's grace]
 45166 | Depths:1 | Found Duulac Qunas's Weapon Boutique.
 45213 | Depths:1 | Found Okaimi's Book Shop.
 45630 | Depths:1 | Found a hide-covered altar of Uskayaw.
 45741 | Depths:1 | Identified the amulet of Xishuiza {Faith rPois Will+ Regen+
                  | Str+4}
 45907 | Depths:2 | Noticed a golden dragon
 45938 | Depths:2 | Killed a golden dragon
 46246 | Depths:2 | Found a one-way gate to the infinite horrors of the Abyss.
 46386 | Depths:2 | Upgraded the game from 0.31-a0-960-g0fca184 to
                  | 0.31-a0-963-ga325b22
 46611 | Depths:3 | Noticed a golden dragon
 46647 | Depths:2 | Found Lomuqute's Self-Improvement Boutique.
 46733 | Depths:2 | Reached skill level 15 in Stealth
 47023 | Depths:2 | Found a one-way gateway to a ziggurat.
 47077 | Depths:2 | Found an ornate altar of the Wu Jian Council.
 47133 | Depths:3 | Found a portal to a secret trove of treasure.
 47348 | Depths:3 | Reached XP level 21. HP: 143/143 MP: 7/40
 47350 | Depths:3 | Noticed Vv
 48233 | Snake:4  | Entered Level 4 of the Snake Pit
 48515 | Snake:4  | Lost mutation: Your flesh is almost immune to the effects
                  | of cold. (rC+++) [Jiyva's grace]
 48515 | Snake:4  | Lost mutation: You are resistant to electric shocks.
                  | (rElec) [Jiyva's grace]
 48515 | Snake:4  | Gained mutation: Your flesh is heat resistant. (rF+)
                  | [Jiyva's grace]
 48515 | Snake:4  | Gained mutation: Your flesh is very heat resistant. (rF++)
                  | [Jiyva's grace]
 48515 | Snake:4  | Gained mutation: Your flesh is almost immune to the effects
                  | of heat. (rF+++) [Jiyva's grace]
 48515 | Snake:4  | Gained mutation: One of your tentacles bears a spike.
                  | [Jiyva's grace]
 49618 | Snake:4  | Got a serpentine rune of Zot
 50188 | Depths:1 | Bought a Fen Folio for 588 gold pieces
 50196 | Depths:1 | Learned a level 7 spell: Summon Hydra
 51309 | Vaults:1 | Reached XP level 22. HP: 148/148 MP: 28/42
 51871 | Vaults:2 | Lost mutation: One of your tentacles bears a spike.
                  | [Jiyva's grace]
 51871 | Vaults:2 | Lost mutation: You are very agile. (Dex +8, Str/Int -2)
                  | [Jiyva's grace]
 51871 | Vaults:2 | Lost mutation: Your flesh is almost immune to the effects
                  | of heat. (rF+++) [Jiyva's grace]
 51871 | Vaults:2 | Lost mutation: Armour fits poorly on your pseudopods.
                  | [Jiyva's grace]
 51871 | Vaults:2 | Gained mutation: You are robust. (+10% HP) [Jiyva's grace]
 51871 | Vaults:2 | Gained mutation: You are very robust. (+20% HP) [Jiyva's
                  | grace]
 51871 | Vaults:2 | Gained mutation: You are extremely robust. (+30% HP)
                  | [Jiyva's grace]
 51871 | Vaults:2 | Gained mutation: Armour fits poorly on your pseudopods.
                  | [Jiyva's grace]
 51942 | Vaults:2 | Reached skill level 15 in Dodging
 51956 | Vaults:2 | Identified the ring "Vaff" {rC+ Int+4}
 52461 | Vaults:2 | Noticed Margery
 52476 | Vaults:2 | Killed Margery
 52997 | Vaults:2 | Noticed a dread lich
 53007 | Vaults:2 | Killed a dread lich
 53048 | Vaults:2 | Identified the staff "Vuanlown" {Fly rC+ Str+3 Ice}
 53361 | Vaults:3 | Found a staircase to the Crypt.
 53964 | Vaults:3 | Lost mutation: Your flesh is very cold resistant. (rC++)
                  | [Jiyva's grace]
 53964 | Vaults:3 | Lost mutation: Your flesh is very heat resistant. (rF++)
                  | [Jiyva's grace]
 53964 | Vaults:3 | Lost mutation: Your flesh is heat resistant. (rF+) [Jiyva's
                  | grace]
 53964 | Vaults:3 | Lost mutation: Armour fits poorly on your pseudopods.
                  | [Jiyva's grace]
 53964 | Vaults:3 | Lost mutation: You have a small jelly attached to you that
                  | senses nearby items. [Jiyva's grace]
 53964 | Vaults:3 | Gained mutation: You have a small jelly attached to you
                  | that senses nearby items. [Jiyva's grace]
 53964 | Vaults:3 | Gained mutation: Your skin blends seamlessly with your
                  | surroundings (Stealth++). [Jiyva's grace]
 53964 | Vaults:3 | Gained mutation: Your skin perfectly mimics your
                  | surroundings (Stealth+++). [Jiyva's grace]
 53964 | Vaults:3 | Gained mutation: You are somewhat resistant to further
                  | mutation. [Jiyva's grace]
 54292 | Vaults:3 | Noticed Sojobo
 54309 | Vaults:3 | Paralysed by an air elemental for 1 turns
 54326 | Vaults:3 | Killed Sojobo
 54553 | Vaults:3 | Noticed Boris
 54563 | Vaults:3 | Killed Boris
 55218 | Vaults:4 | Reached XP level 23. HP: 198/198 MP: 42/43
 55455 | Vaults:4 | Found Zouwimin's Weapon Shop.
 55861 | Vaults:4 | Lost mutation: Your skin perfectly mimics your surroundings
                  | (Stealth+++). [Jiyva's grace]
 55861 | Vaults:4 | Lost mutation: You are highly strong-willed. (Will++)
                  | [Jiyva's grace]
 55861 | Vaults:4 | Lost mutation: Your body is covered in eyes which may
                  | confuse attackers. (Acc +7, SInv) [Jiyva's grace]
 55861 | Vaults:4 | Lost mutation: You have a small jelly attached to you that
                  | senses nearby items. [Jiyva's grace]
 55861 | Vaults:4 | Gained mutation: Armour fits poorly on your pseudopods.
                  | [Jiyva's grace]
 55861 | Vaults:4 | Gained mutation: Armour fits poorly on your large
                  | pseudopods. [Jiyva's grace]
 55861 | Vaults:4 | Gained mutation: Armour fits poorly on your massive
                  | pseudopods. [Jiyva's grace]
 55861 | Vaults:4 | Gained mutation: A frigid envelope surrounds you and
                  | freezes all who hurt you. [Jiyva's grace]
 56037 | Crypt:1  | Entered Level 1 of the Crypt
 57125 | Crypt:2  | Noticed Saint Roka
 57299 | Crypt:2  | Killed Saint Roka
 57567 | Crypt:2  | Noticed a dread lich
 57574 | Crypt:2  | Killed a dread lich
 58129 | Crypt:2  | Identified the ring of Sipuohi {Ice Dex+3}
 58129 | Crypt:2  | Noticed Josephina
 58151 | Crypt:2  | Killed Josephina
 58372 | Crypt:3  | Entered Level 3 of the Crypt
 58794 | Crypt:3  | Found an ancient bone altar of Kikubaaqudgha.
 58818 | Crypt:3  | Upgraded the game from 0.31-a0-963-ga325b22 to
                  | 0.31-a0-964-g7ea235f
 58940 | Crypt:3  | Reached XP level 24. HP: 208/208 MP: 22/44
 59326 | Crypt:3  | Found the +7 great mace "Undeadhunter" {deathbane, rN+}
 59676 | Crypt:3  | Found the macabre finger necklace {Finger+ rN+}
 59736 | Crypt:3  | Noticed an ancient lich
 59751 | Crypt:3  | Killed an ancient lich
 59770 | Crypt:3  | Found a staircase to the Tomb.
 60125 | Hell     | Entered the Vestibule of Hell
 60125 | Hell     | Lost mutation: A frigid envelope surrounds you and freezes
                  | all who hurt you. [Jiyva's grace]
 60125 | Hell     | Lost mutation: You are extremely robust. (+30% HP) [Jiyva's
                  | grace]
 60125 | Hell     | Lost mutation: Your melee attacks may engulf your foes in
                  | ooze. [Jiyva's grace]
 60125 | Hell     | Gained mutation: Your muscles are strong. (Str +4, Int/Dex
                  | -1) [Jiyva's grace]
 60125 | Hell     | Gained mutation: Your muscles are very strong. (Str +8,
                  | Int/Dex -2) [Jiyva's grace]
 60125 | Hell     | Gained mutation: One of your tentacles bears a spike.
                  | [Jiyva's grace]
 60125 | Hell     | Gained mutation: One of your tentacles bears a nasty spike.
                  | [Jiyva's grace]
 60127 | Hell     | Noticed Geryon
 60218 | Depths:1 | Upgraded the game from 0.31-a0-964-g7ea235f to
                  | 0.31-a0-965-g8a8ce12
 60225 | Depths:1 | Learned a level 6 spell: Dispersal
 60300 | Depths:2 | Voluntarily entered the Abyss.
 60352 | Abyss:2  | Found a corrupted altar of Lugonu.
 60476 | Abyss:3  | Found a corrupted altar of Lugonu.
 60476 | Abyss:3  | Paralysed by accursed screaming for 2 turns
 60482 | Abyss:3  | Found a corrupted altar of Lugonu.
 60482 | Abyss:3  | Found a corrupted altar of Lugonu.
 60579 | Abyss:6  | Found a corrupted altar of Lugonu.
 60686 | Abyss:6  | Upgraded the game from 0.31-a0-965-g8a8ce12 to
                  | 0.31-a0-978-g1e14348
 60704 | Depths:2 | Escaped the Abyss
 60945 | Depths:2 | Voluntarily entered the Abyss.
 60980 | Depths:2 | Escaped the Abyss
 61042 | Tomb:1   | Identified the "Zionuczay"
 61042 | Tomb:3   | Identified the of Myzecro
 61042 | Dis:7    | Identified the "Ulem"
 61042 | Geh:7    | Identified the "Zufrih"
 61042 | Pan      | Entered Pandemonium
 61042 | Pan      | Noticed Vidghan the pandemonium lord
 61065 | Pan      | Lost mutation: One of your tentacles bears a nasty spike.
                  | [Jiyva's grace]
 61065 | Pan      | Lost mutation: One of your tentacles bears a spike.
                  | [Jiyva's grace]
 61065 | Pan      | Lost mutation: Your skin blends seamlessly with your
                  | surroundings (Stealth++). [Jiyva's grace]
 61065 | Pan      | Lost mutation: Your flesh is cold resistant. (rC+) [Jiyva's
                  | grace]
 61065 | Pan      | Lost mutation: You are somewhat resistant to further
                  | mutation. [Jiyva's grace]
 61065 | Pan      | Lost mutation: You are very robust. (+20% HP) [Jiyva's
                  | grace]
 61065 | Pan      | Gained mutation: Your mind is acute. (Int +4, Str/Dex -1)
                  | [Jiyva's grace]
 61065 | Pan      | Gained mutation: Your mind is very acute. (Int +8, Str/Dex
                  | -2) [Jiyva's grace]
 61065 | Pan      | Gained mutation: You have a small jelly attached to you
                  | that senses nearby items. [Jiyva's grace]
 61065 | Pan      | Gained mutation: You are covered in slimy tendrils that may
                  | disarm your opponents. [Jiyva's grace]
 61085 | Pan      | Found an exit through the horrors of the Abyss.
 61683 | Pan      | Killed Vidghan the pandemonium lord
 62443 | Pan      | Took an exit into the Abyss.
 62443 | Abyss:6  | Escaped into the Abyss
 62443 | Abyss:6  | Found a corrupted altar of Lugonu.
 62506 | Abyss:6  | Paralysed by accursed screaming for 1 turns
 62516 | Abyss:6  | Reached XP level 25. HP: 71/185 MP: 32/47
 62526 | Abyss:6  | Found a shimmering altar of Xom.
 62527 | Abyss:6  | Found a shimmering altar of Xom.
 62527 | Abyss:6  | Found a shimmering altar of Xom.
 62527 | Abyss:6  | Found a shimmering altar of Xom.
 62570 | Depths:2 | Escaped the Abyss
 63262 | Tomb:1   | Entered Level 1 of the Tomb of the Ancients
 63524 | Tomb:1   | Noticed Boris
 63547 | Tomb:1   | Killed Boris
 63849 | Tomb:1   | Noticed a royal mummy
 63962 | Tomb:1   | Killed a royal mummy
 65195 | Depths:3 | Lost mutation: Your natural rate of healing is unusually
                  | fast. [Jiyva's grace]
 65195 | Depths:3 | Lost mutation: You are robust. (+10% HP) [Jiyva's grace]
 65195 | Depths:3 | Lost mutation: Your muscles are very strong. (Str +8,
                  | Int/Dex -2) [Jiyva's grace]
 65195 | Depths:3 | Gained mutation: You are robust. (+10% HP) [Jiyva's grace]
 65195 | Depths:3 | Gained mutation: You are very robust. (+20% HP) [Jiyva's
                  | grace]
 65195 | Depths:3 | Gained mutation: You are extremely robust. (+30% HP)
                  | [Jiyva's grace]
 65195 | Depths:3 | Gained mutation: One of your tentacles bears a spike.
                  | [Jiyva's grace]
 65211 | Depths:3 | Killed Vv
 65391 | Depths:3 | Noticed a juggernaut
 65403 | Depths:3 | Killed a juggernaut
 65616 | Depths:3 | Identified the ring of Offausud {*Corrode Fly Will+++ MP+9
                  | SInv}
 65747 | Depths:3 | Found the +4 consecrated labrys {holy, Valiant Fragile Fly
                  | SInv}
 65982 | Depths:4 | Entered Level 4 of the Depths
 66124 | Depths:4 | Found an ancient bone altar of Kikubaaqudgha.
 67115 | Depths:4 | Found a gate to the Realm of Zot.
 67333 | Zot:1    | Entered Level 1 of the Realm of Zot
 67519 | Zot:1    | Learned a level 5 spell: Borgnjor's Vile Clutch
 67780 | Zot:1    | Reached XP level 26. HP: 205/227 MP: 47/47
 68722 | Zot:2    | You are sucked into a shaft and drop 1 floor!
 68722 | Zot:3    | Found the +4 dragonskin cloak
 68722 | Zot:3    | Noticed Tiamat
 68798 | Zot:2    | Identified a scroll of acquirement
 68859 | Zot:2    | HP: 4/230 [titan/the air (35)]
 68861 | Zot:2    | Killed from afar by a quicksilver dragon

Illustrated notes

Levels and vault maps discovered:
D:1:      dpeg_arrival_prison, layout_basic, dreamdust_ecumenical_altar_grove
D:2:      layout_basic, serial_shops, nicolae_shop_pleasant_corner_grove,
          basic_altar, nicolae_elevator_lobby_asterisk
D:3:      layout_loops_ring, mainiacjoe_overflow_alcove_4, serial_shops,
          nicolae_shop_back_alley_shop, minmay_misc_feat_encased,
          bh_walls_and_bars
D:4:      corexii_shantytown, layout_basic, nicolae_ru_great_annihilating_truth,
          minmay_temple_entry_nine_rooms, uniq_ijyb
D:5:      layout_rooms, nicolae_wooded_promenade
D:6:      layout_basic, overflow_temple_1_default,
          lightli_ossuary_entry_decrepit_ruins
D:7:      layout_basic, lemuel_crystal_altar, mainiacjoe_overflow_brackets,
          serial_bayou_pond_c
D:8:      layout_rooms, overflow_temple_1_default, nicolae_beast_mode
D:9:      layout_rooms, general_overflow_altar, nicolae_tso_carved_into_rock,
          dancing_weapons_uskayaw, lair_entry_dummy, david_orc_3, minivault_16
D:10:     layout_basic, slow_altar_2, nicolae_yredelemnul_corpse_copse,
          corexii_checkpoint_a
D:11:     layout_long_grid, minmay_misc_feat_x, kennysheep_generic_room_4
D:12:     hangedman_cross_veins, layout_long_grid, lemuel_blue_sif_altar
D:13:     layout_stronghold
D:14:     layout_loops_ring, ximxim_vaults_locker_room, serial_aquarium,
          aquarium_bridge_long_separate [aquarium_subvault_window,
          aquarium_subvault_bridge, aquarium_subvault_balcony,
          aquarium_subvault_bridge, aquarium_subvault_wall,
          aquarium_subvault_wall], aquarium_bridge_square
          [aquarium_subvault_bridge, aquarium_subvault_balcony,
          aquarium_subvault_window, aquarium_subvault_balcony],
          aquarium_window_1, aquarium_window_1, aquarium_window_1,
          aquarium_view_2d, aquarium_view_2b
D:15:     gammafunk_enter_depths_forms, layout_irregular_city,
          gauntlet_entry_generic, unseen_surprise_small
Temple:   hellmonk_temple_divided_pantheon
Lair:1:   layout_hall_layers, maelrawn_ghost_gauntlet_escape, st_stairs_6,
          nicolae_lair_lakeside_cave, uniq_harold, uniq_nergalle
Lair:2:   layout_hall_layers, nicolae_snake_entry_squirm, wad_woods_road_03,
          dreamdust_gnoll_shepherd, grunt_megastairs_4
Lair:3:   layout_gridlike, minmay_swamp_entry_worms, minivault_27,
          grunt_forest_stairs_clearing
Lair:4:   layout_loops_ring, enter_volcano_2, lemuel_fruit_fields,
          lemuel_fruit_tree
Lair:5:   hangedman_lair_in_review, layout_big_grid,
          minmay_slime_entry_oklob_enclosed, nicolae_lair_lil_pond
Swamp:1:  layout_basic_swamp, evilmike_swamp_ruin_wall
Swamp:2:  layout_falls_marsh, evilmike_swamp_ruin_rubble_2, swamp_pool5,
          infiniplex_staircase_pool
Swamp:3:  layout_basic_swamp, nicolae_swamp_stair_fork, uniq_jorgrun, uniq_mara
Swamp:4:  swamp_old_school, layout_basic_swamp, swamp_pool2,
          nicolae_swamp_wisp_ring_woods
Snake:1:  layout_grid_maze, minmay_snake_pond, minmay_shoptagon, uniq_mlioglotl,
          uniq_kirke
Snake:2:  layout_rooms, portal_ice_cave_entry_dragon, serial_curves,
          eino_curves_04, eino_curves_04, basic_altar, lightli_airlock,
          uniq_azrael, uniq_vashnia
Snake:3:  layout_cave_shapes, serial_bayou_pond_d
Snake:4:  snake_pit_salamanders_mu, layout_cave_town,
          nicolae_snake_gridmaze_swirls, grunt_megastairs_2
Slime:1:  layout_caves, cheibrodos_slime_lost_civilization_4
Slime:2:  layout_caves
Slime:3:  layout_caves
Slime:4:  layout_caves, nicolae_slime_rock_hall_of_fame
Slime:5:  slime_pit_nicolae_block_by_block
Orc:1:    layout_diamond_mine, basic_altar, gammafunk_ghost_arena, serial_shops,
          shop_coins
Orc:2:    st_orc_congregation, layout_diamond_mine
Elf:1:    layout_loops_corners, serial_shops, nicolae_shop_tiny_statue_garden,
          mu_enter_wizlab_3, minmay_elf_demonology
Elf:2:    elven_hall_of_blades_hangedman_alternative
          [nicolae_blade_entry_diamond_columns], layout_onion_city, basic_altar,
          hangedman_elf_targeted_burst, nicolae_elf_altarnating
Elf:3:    minmay_elf_hall_spiked, layout_geoelf_octagon,
          small_statue_intersection
Vaults:1: ontoclasm_vaults_eye, nicolae_vaults_mitosis, nicolae_vaults_cochlea,
          nicolae_vaults_apartment_2, vaults_mumra_hexcomb,
          nicolae_vaults_little_guard_posts, nicolae_vaults_spaceships,
          v_misc_24, vaults_dpeg_hooks, v_misc_29, grunt_vaults_bifocal,
          layout_vaults_omnicross, serial_shops
Vaults:2: nicolae_vaults_ellipses_ellipsis, nicolae_vaults_closet_pinwheel_4,
          hangedman_vaults_river_flow, grunt_vaults_trifunnel,
          nicolae_vaults_storage_closets_3, nicolae_vaults_closet_pinwheel_2,
          nicolae_vaults_you_can_take_it_with_you, nicolae_vaults_cochlea,
          vaults_room_semicircle, nicolae_vaults_offset_grid_hallway_4,
          nicolae_vaults_double_plus_1, layout_vaults_omnibox, uniq_margery
Vaults:3: v_alt_pattern_6, ontoclasm_vaults_tryst,
          nicolae_vaults_closet_pinwheel_1, nicolae_vaults_little_squares_2,
          grunt_vaults_focal, ontoclasm_vaults_decontamination,
          layout_vaults_omnigrid, uniq_boris, uniq_sojobo
Vaults:4: nicolae_vaults_network_periphery, vaults_room_mumra_shop_pool,
          vaults_room_semicircle, nicolae_vaults_more_shelving_1,
          nicolae_vaults_trapezoid_3, ontoclasm_vaults_shout,
          nicolae_vaults_triangles, grunt_vaults_hallway_long,
          nicolae_vaults_offset_grid_hallway_3, nicolae_vaults_bisected_slash,
          v_misc_10, nicolae_vaults_little_squares_1,
          nicolae_vaults_hexular_roomagon, grunt_vaults_hallway_short,
          layout_vaults_ring
Crypt:1:  layout_chaotic_city, grunt_crypt_arrival_guarded_gate
Crypt:2:  layout_misc_corridors, minmay_misc_feat_cross, minivault_4,
          uniq_saint_roka, uniq_josephina
Crypt:3:  grunt_crypt_end_deaths_head
Tomb:1
Depths:1: layout_basic, serial_shops, nicolae_shop_peninsula, shop, shop,
          hell_entry, pan_entry, minivault_16, minivault_1, roadster_trireme,
          uniq_bai_suzhen, uniq_asterion
Depths:2: minmay_diamond_stairs, layout_basic, enter_ziggurat_c, hell_entry,
          pan_entry, abyss_entry_small_statue_room,
          nicolae_wu_jian_immortal_techniques, nicolae_shop_self_help
Depths:3: minmay_chopped_fan, layout_cave_shapes, grunt_decor_one_mirror,
          abyss_entry, enter_trove_1, hell_entry, uniq_vv
Depths:4: grunt_zot_entry_pinwheel, layout_gridlike, lightli_too_deep,
          nicolae_kikubaaqudgha_miasma_corner, rand_demon_pan_entry_3
Hell
Zot:1:    grunt_twist_and_shout, layout_concentric_octagons,
          regret_index_zotdec_plus
Zot:2:    minmay_elemental_castle, layout_onion_interference
Zot:3:    layout_onion_interference, grunt_ministairs_2, uniq_tiamat

Skill      XL: |  1  2  3  4  5  6  7  8  9 10 11 12 13 14 15 16 17 18 19 20 21 22 23 24 25 26 |
---------------+-------------------------------------------------------------------------------+-----
Summonings     | 5 6 7 8 11 12 14 15 16 18 19 22 | 22.0
Spellcasting   | 4 5 8 10 13 14 15 16 17 20 | 20.0
Fighting       | 3 7 8 9 10 11 12 13 | 13.8
Stealth        | 5 8 9 12 17 19 | 19.0
Dodging        | 3 7 8 9 10 14 17 | 17.2
Translocations | 3 9 14 | 14.0
Shields        | 5 6 7 |  7.7
Necromancy     | 11 16 20 22 | 22.0

Action                     |  1- 3 |  4- 6 |  7- 9 | 10-12 | 13-15 | 16-18 | 19-21 | 22-24 | 25-27 || total
---------------------------+-------+-------+-------+-------+-------+-------+-------+-------+-------++-------
  Melee: Unarmed           |    43 |    28 |       |       |       |       |       |       |       ||    71
         Constrict         |    17 |    13 |    11 |    15 |    12 |    28 |    20 |    83 |    15 ||   214
         Tentacles         |    13 |    13 |    13 |    17 |    12 |    46 |    41 |   172 |    23 ||   350
         Punch             |     1 |     3 |       |     2 |     3 |     5 |     4 |    19 |     3 ||    40
         Dagger            |       |    14 |    38 |    64 |    35 |     4 |       |       |       ||   155
         Staff             |       |       |       |       |       |   111 |    80 |   365 |    62 ||   618
         Pseudopods        |       |       |       |       |       |    45 |    38 |   154 |    32 ||   269
         Bite              |       |       |       |       |       |    13 |     9 |       |       ||    22
         Kick              |       |       |       |       |       |       |    14 |    35 |    39 ||    88
   Cast: Summon Small Mamm |    24 |    25 |    69 |    84 |    91 |    19 |     1 |       |       ||   313
         Call Canine Famil |     1 |    30 |    71 |    87 |   148 |    99 |    11 |       |       ||   447
         Call Imp          |       |     4 |       |       |       |    32 |     2 |       |       ||    38
         Summon Cactus Gia |       |       |       |    55 |   198 |   191 |   125 |   184 |   110 ||   863
         Summon Lightning  |       |       |       |       |    23 |    13 |     8 |       |       ||    44
         Blink             |       |       |       |       |     2 |     2 |     4 |     7 |     2 ||    17
         Dispel Undead     |       |       |       |       |       |    12 |       |    64 |     3 ||    79
         Haunt             |       |       |       |       |       |   114 |   276 |   197 |    93 ||   680
         Malign Gateway    |       |       |       |       |       |       |    18 |     8 |     2 ||    28
         Apportation       |       |       |       |       |       |       |     1 |       |       ||     1
         Death Channel     |       |       |       |       |       |       |    13 |     7 |     3 ||    23
         Summon Hydra      |       |       |       |       |       |       |     9 |    51 |    17 ||    77
         Dispersal         |       |       |       |       |       |       |       |       |     1 ||     1
         Borgnjor's Vile C |       |       |       |       |       |       |       |       |     1 ||     1
  Evoke: Wand              |       |       |       |       |       |       |     1 |       |       ||     1
    Use: Scroll            |       |       |    15 |     7 |     9 |     5 |     7 |     6 |     3 ||    52
         Potion            |       |       |     2 |     7 |     6 |       |     3 |     6 |     2 ||    26
   Stab: Sleeping          |     3 |     4 |     1 |       |     3 |     1 |       |     2 |       ||    14
         Distracted        |       |     1 |       |     2 |     1 |     2 |     3 |    15 |     4 ||    28
         Confused          |       |       |       |       |       |     4 |     5 |    10 |       ||    19
 Armour: Skin              |    18 |    22 |    46 |   104 |   191 |   141 |   143 |   290 |   183 ||  1138
  Dodge: Dodged            |    32 |    40 |    39 |    88 |   240 |   293 |   311 |   737 |   366 ||  2146
  Block: Buckler           |       |       |       |       |     7 |   110 |   210 |   534 |   183 ||  1044
         Reflection        |       |       |       |       |       |       |    17 |    22 |     1 ||    40

Table legend: (Time is in decaauts)
 A = Elapsed time spent in this place.
 B = Non-inter-level travel time spent in this place.
 C = Inter-level travel time spent in this place.
 D = Time resting spent in this place.
 E = Time spent auto-exploring this place.
 F = Levels seen in this place.
 G = Mean time per level.
                   A        B        C        D        E       F      G
               +--------+--------+--------+--------+--------+-----+--------+
         Total |  69105 |  37165 |  31940 |  10630 |   7818 |  69 | 1001.5 |
       Dungeon |  18361 |  11333 |   7028 |   2913 |   5171 |  15 | 1224.1 |
        Temple |     26 |      6 |     20 |      0 |      0 |   1 |   26.0 |
          Lair |  11347 |   6171 |   5176 |   3888 |    168 |   5 | 2269.4 |
         Swamp |   2980 |   1118 |   1862 |    243 |      0 |   4 |  745.0 |
     Snake Pit |   4112 |   1474 |   2638 |    240 |      7 |   4 | 1028.0 |
    Slime Pits |   1136 |    652 |    484 |      0 |    623 |   5 |  227.2 |
  Orcish Mines |   1803 |    972 |    831 |     45 |    334 |   2 |  901.5 |
   Elven Halls |   4342 |   2223 |   2119 |    371 |    574 |   3 | 1447.3 |
        Vaults |   5907 |   1787 |   4120 |    262 |    191 |   4 | 1476.8 |
         Crypt |   4230 |   2246 |   1984 |    543 |    172 |   3 | 1410.0 |
          Tomb |   1171 |    371 |    800 |     82 |      0 |   1 | 1171.0 |
        Depths |   6576 |   2533 |   4043 |    710 |    349 |   4 | 1644.0 |
          Hell |     36 |     36 |      0 |      0 |      0 |   1 |   36.0 |
           Zot |   1538 |    708 |    830 |     44 |    110 |   3 |  512.7 |
         Abyss |    581 |    581 |      0 |     24 |      0 |   8 |   72.6 |
   Pandemonium |   1415 |   1415 |      0 |     31 |      0 |   1 | 1415.0 |
       Ossuary |    812 |    812 |      0 |    275 |    119 |   1 |  812.0 |
      Ice Cave |    337 |    337 |      0 |    110 |      0 |   1 |  337.0 |
       Volcano |   1423 |   1423 |      0 |    788 |      0 |   1 | 1423.0 |
        Wizlab |    580 |    580 |      0 |     52 |      0 |   1 |  580.0 |
      Gauntlet |    383 |    383 |      0 |      9 |      0 |   1 |  383.0 |
               +--------+--------+--------+--------+--------+-----+--------+

Top non-repeatable levels by time:
  Lair:5: 3062 daAuts
  Lair:1: 2544 daAuts
Depths:2: 2499 daAuts
  Lair:4: 2205 daAuts
  Lair:2: 2124 daAuts
     D:4: 1904 daAuts
Depths:1: 1738 daAuts
   Elf:2: 1716 daAuts
 Crypt:3: 1688 daAuts
Vaults:2: 1594 daAuts
Vaults:1: 1565 daAuts
 Snake:4: 1529 daAuts
    D:10: 1498 daAuts
   Elf:3: 1482 daAuts
Vaults:3: 1429 daAuts
